3L
NORTHERN VIRGINIA RETRIEVERS @ PANAMA CITY PIRANHAS
09/17/2019
 
TOP OF THE 1ST
Northern Virginia Retrievers batting - Pitching for Panama City Piranhas : LHP Albert Lucas
Pitching: LHP Albert Lucas
Batting: RHB Ed Anderson 0-0: Ball
1-0: Ball
2-0: Foul Ball, location: 2F
2-1: Swinging Strike
2-2: Ball
3-2: Ground out 6-3 (Groundball, 6M)
Batting: LHB Roberto Salazar 0-0: Ball
1-0: Ball
2-0: Called Strike
2-1: Fly out, F8 (Flyball, 89M)
Batting: RHB Carl Good 0-0: Ball
1-0: Ball
2-0: Ball
3-0: Called Strike
3-1: Base on Balls
Batting: RHB Shi-young Chang 0-0: Called Strike
0-1: Ball
1-1: Fly out, F8 (Line Drive, 8LM)
Top of the 1st over - 0 run(s), 0 hit(s), 0 error(s), 1 left on base; Northern Virginia 0 - Panama City 0
BOTTOM OF THE 1ST
Panama City Piranhas batting - Pitching for Northern Virginia Retrievers : RHP Michael Fletcher
Pitching: RHP Michael Fletcher
Batting: LHB Arturo Guzmán 0-0: Ball
1-0: Foul Ball, location: 2F
1-1: Ball
2-1: Foul Ball, location: 2F
2-2: Ground out 5-3 (Groundball, 56S)
Batting: RHB Harvey Porter 0-0: Called Strike
0-1: Foul Ball, location: 2F
0-2: Ball
1-2: Hit by Pitch
Batting: SHB Marc Talamante 0-0: Called Strike
0-1: Ball
1-1: Called Strike
1-2: DOUBLE (Groundball, 3L)
Harvey Porter to third
Batting: RHB Jeff Bass 0-0: Ball
1-0: Ball
2-0: Foul Ball, location: 2F
2-1: Foul Ball, location: 2F
2-2: Foul Ball, location: 2F
2-2: Ball
3-2: Strikes out looking
Batting: LHB Miguel Martínez 0-0: Ball
1-0: Ground out 1-3 (Groundball, 13)
Bottom of the 1st over - 0 run(s), 1 hit(s), 0 error(s), 2 left on base; Northern Virginia 0 - Panama City 0
TOP OF THE 2ND
Northern Virginia Retrievers batting - Pitching for Panama City Piranhas : LHP Albert Lucas
Batting: RHB Kurt Chappell 0-0: Called Strike
0-1: Ball
1-1: Ball
2-1: Called Strike
2-2: Ball
3-2: Base on Balls
Batting: RHB Donald Stanley 0-0: Grounds into double play, 6-4-3 (Groundball, 56)
Batting: RHB Ben Ross 0-0: Ball
1-0: Ball
2-0: Foul Ball, location: 2F
2-1: Foul Ball, location: 2F
2-2: Ground out 6-3 (Groundball, 6)
Top of the 2nd over - 0 run(s), 0 hit(s), 0 error(s), 0 left on base; Northern Virginia 0 - Panama City 0
BOTTOM OF THE 2ND
Panama City Piranhas batting - Pitching for Northern Virginia Retrievers : RHP Michael Fletcher
Batting: SHB Theodore Buck 0-0: Ground out 4-3 (Groundball, 4)
Batting: RHB Hal Romaine 0-0: Ball
1-0: Called Strike
1-1: Called Strike
1-2: SINGLE (Flyball, 8RS)
Batting: RHB Joel Lee 0-0: Called Strike
0-1: Swinging Strike
0-2: Foul Ball, location: 2F
0-2: Foul Ball, location: 2F
0-2: Ball
1-2: Ball
2-2: Ball
3-2: Base on Balls
Hal Romaine to second
Batting: RHB Albert Lucas 0-0: Called Strike
0-1: Ball
1-1: Ball
2-1: Ball
3-1: Sac Bunt - play at third, runner OUT -> throw to first, DP!
Bottom of the 2nd over - 0 run(s), 1 hit(s), 0 error(s), 0 left on base; Northern Virginia 0 - Panama City 0
TOP OF THE 3RD
Northern Virginia Retrievers batting - Pitching for Panama City Piranhas : LHP Albert Lucas
Batting: RHB Christian O'Neal 0-0: SINGLE (Groundball, 6M)
Batting: LHB Michael Fletcher 0-0: Bunted foul
0-1: Ball
1-1: Bunted foul
1-2: Bunted foul, Strikeout!
Batting: RHB Ed Anderson 0-0: SINGLE (Line Drive, 6M)
Christian O'Neal to second
Batting: LHB Roberto Salazar 0-0: SINGLE (Groundball, 4M) (infield hit)
Christian O'Neal to third
Ed Anderson to second
Batting: RHB Carl Good 0-0: Foul Ball, location: 2F
0-1: Ball
1-1: Fielders Choice at 2nd, 5-4 (Groundball, 56)
Christian O'Neal scores
Ed Anderson to third
Batting: RHB Shi-young Chang 0-0: Called Strike
0-1: Fly out, F9 (Flyball, 9D)
Top of the 3rd over - 1 run(s), 3 hit(s), 0 error(s), 2 left on base; Northern Virginia 1 - Panama City 0
BOTTOM OF THE 3RD
Panama City Piranhas batting - Pitching for Northern Virginia Retrievers : RHP Michael Fletcher
Batting: LHB Arturo Guzmán 0-0: Ball
1-0: Foul Ball, location: 2F
1-1: Foul Ball, location: 2F
1-2: Strikes out swinging
Batting: RHB Harvey Porter 0-0: Foul Ball, location: 2F
0-1: Swinging Strike
0-2: Ball
1-2: Fly out, F2 (Popup, 2LF)
Batting: SHB Marc Talamante 0-0: Ball
1-0: Called Strike
1-1: Foul Ball, location: 2F
1-2: Ground out 4-3 (Groundball, 4S)
Bottom of the 3rd over - 0 run(s), 0 hit(s), 0 error(s), 0 left on base; Northern Virginia 1 - Panama City 0
TOP OF THE 4TH
Northern Virginia Retrievers batting - Pitching for Panama City Piranhas : LHP Albert Lucas
Batting: RHB Kurt Chappell 0-0: Called Strike
0-1: Called Strike
0-2: Foul Ball, location: 2F
0-2: Ball
1-2: Ball
2-2: Foul Ball, location: 2F
2-2: Foul Ball, location: 2F
2-2: Ball
3-2: Strikes out swinging
Batting: RHB Donald Stanley 0-0: Ground out 2-3 (Groundball, 2R)
Batting: RHB Ben Ross 0-0: Swinging Strike
0-1: SINGLE (Flyball, 9LM)
Batting: RHB Christian O'Neal 0-0: Ball
1-0: Ball
2-0: Ball
3-0: Called Strike
3-1: Foul Ball, location: 2F
3-2: Strikes out swinging
Top of the 4th over - 0 run(s), 1 hit(s), 0 error(s), 1 left on base; Northern Virginia 1 - Panama City 0
BOTTOM OF THE 4TH
Panama City Piranhas batting - Pitching for Northern Virginia Retrievers : RHP Michael Fletcher
Batting: RHB Jeff Bass 0-0: Ball
1-0: Called Strike
1-1: Swinging Strike
1-2: Ball
2-2: Foul Ball, location: 2F
2-2: Foul Ball, location: 2F
2-2: Ball
3-2: Strikes out swinging
Batting: LHB Miguel Martínez 0-0: Called Strike
0-1: Ball
1-1: Swinging Strike
1-2: Ball
2-2: Foul Ball, location: 2F
2-2: Strikes out looking
Batting: SHB Theodore Buck 0-0: Ball
1-0: Foul Ball, location: 2F
1-1: DOUBLE (Line Drive, 9LS)
Batting: RHB Hal Romaine 0-0: SINGLE (Line Drive, 8RS)
Theodore Buck to third
Runner from 3rd tries for Home, SAFE, no throw or cutoff
Batting: RHB Joel Lee 0-0: Ball
1-0: Foul Ball, location: 2F
1-1: Ball
2-1: Foul Ball, location: 2F
2-2: Reached on error, E6 (Groundball, 6)
Hal Romaine to second
Batting: RHB Albert Lucas 0-0: Called Strike
0-1: Ground out 6-3 (Groundball, 6)
Bottom of the 4th over - 1 run(s), 2 hit(s), 1 error(s), 2 left on base; Northern Virginia 1 - Panama City 1
TOP OF THE 5TH
Northern Virginia Retrievers batting - Pitching for Panama City Piranhas : LHP Albert Lucas
Batting: LHB Michael Fletcher 0-0: Ball
1-0: Swinging Strike
1-1: Swinging Strike
1-2: Ball
2-2: Foul Ball, location: 2F
2-2: Foul Ball, location: 2F
2-2: Ball
3-2: SINGLE (Flyball, 7S)
Batting: RHB Ed Anderson 0-0: Ball
1-0: Ball
2-0: Foul Ball, location: 2F
2-1: Foul Ball, location: 2F
2-2: Foul Ball, location: 2F
2-2: SINGLE (Groundball, 4MD)
Michael Fletcher to second
Batting: LHB Roberto Salazar 0-0: Foul Ball, location: 2F
0-1: Swinging Strike
0-2: Foul Ball, location: 2F
0-2: Fielders Choice at 2nd, U4 (Groundball, 4M)
Michael Fletcher to third
Batting: RHB Carl Good 0-0: Ball
1-0: Called Strike
1-1: Foul Ball, location: 2F
1-2: Foul Ball, location: 2F
1-2: Ball
2-2: Strikes out looking
Batting: RHB Shi-young Chang 0-0: Called Strike
0-1: Ball
1-1: Foul Ball, location: 2F
1-2: Strikes out looking
Top of the 5th over - 0 run(s), 2 hit(s), 0 error(s), 2 left on base; Northern Virginia 1 - Panama City 1
BOTTOM OF THE 5TH
Panama City Piranhas batting - Pitching for Northern Virginia Retrievers : RHP Michael Fletcher
Batting: LHB Arturo Guzmán 0-0: Called Strike
0-1: Ground out 4-3 (Groundball, 4)
Batting: RHB Harvey Porter 0-0: Ball
1-0: Called Strike
1-1: Ball
2-1: Swinging Strike
2-2: Strikes out swinging
Batting: SHB Marc Talamante 0-0: Foul Ball, location: 2F
0-1: Called Strike
0-2: Strikes out swinging
Bottom of the 5th over - 0 run(s), 0 hit(s), 0 error(s), 0 left on base; Northern Virginia 1 - Panama City 1
TOP OF THE 6TH
Northern Virginia Retrievers batting - Pitching for Panama City Piranhas : LHP Albert Lucas
Batting: RHB Kurt Chappell 0-0: Called Strike
0-1: SINGLE (Groundball, 56)
Batting: RHB Donald Stanley 0-0: Ball
1-0: Fielders Choice at 2nd, 6-4 (Groundball, 6)
Batting: RHB Ben Ross 0-0: Called Strike
0-1: Ball
1-1: Ball
2-1: SINGLE (Line Drive, 4MD)
Donald Stanley to second
Batting: RHB Christian O'Neal 0-0: Ball
1-0: Called Strike
1-1: Ball
2-1: Ball
3-1: Foul Ball, location: 2F
3-2: Base on Balls
Donald Stanley to third
Ben Ross to second
Pinch Hitting: RHB Enrique Echevarría 0-0: Foul Ball, location: 2F
0-1: Fly out, F9 (Flyball, 9LM)
Runner from 3rd tags up, SCORES, no throw
Batting: RHB Ed Anderson 0-0: Ground out 6-3 (Groundball, 6)
Top of the 6th over - 1 run(s), 2 hit(s), 0 error(s), 2 left on base; Northern Virginia 2 - Panama City 1
BOTTOM OF THE 6TH
Panama City Piranhas batting - Pitching for Northern Virginia Retrievers : RHP Michael Fletcher
Pitching: RHP Juan Torres
Batting: RHB Jeff Bass 0-0: Ball
1-0: Called Strike
1-1: Ball
2-1: Swinging Strike
2-2: DOUBLE (Groundball, 5L)
Batting: LHB Miguel Martínez 0-0: Ball
1-0: Called Strike
1-1: Swinging Strike
1-2: Ball
2-2: Strikes out swinging
Batting: SHB Theodore Buck 0-0: Foul Ball, location: 2F
0-1: Swinging Strike
0-2: Strikes out swinging
Batting: RHB Hal Romaine 0-0: Called Strike
0-1: Swinging Strike
0-2: Ball
1-2: Ball
2-2: Hit by Pitch
Batting: RHB Joel Lee 0-0: Called Strike
0-1: Ball
1-1: SINGLE (Groundball, 56D)
Jeff Bass to third
Hal Romaine to second
Runner from 3rd tries for Home, SAFE, no throw or cutoff
Batting: RHB Albert Lucas 0-0: Ball
1-0: Ball
2-0: Foul Ball, location: 2F
2-1: Foul Ball, location: 2F
2-2: Strikes out swinging
Bottom of the 6th over - 1 run(s), 2 hit(s), 0 error(s), 2 left on base; Northern Virginia 2 - Panama City 2
TOP OF THE 7TH
Northern Virginia Retrievers batting - Pitching for Panama City Piranhas : LHP Albert Lucas
Batting: LHB Roberto Salazar 0-0: Swinging Strike
0-1: Called Strike
0-2: Ball
1-2: Strikes out looking
Batting: RHB Carl Good 0-0: Ball
1-0: Foul Ball, location: 2F
1-1: Ball
2-1: Fly out, F7 (Flyball, 7D)
Batting: RHB Shi-young Chang 0-0: Called Strike
0-1: Foul Ball, location: 2F
0-2: Ball
1-2: Ball
2-2: Ball
3-2: Base on Balls
Pinch Runner at 1st John Robertson:
Batting: RHB Kurt Chappell 0-0: Ball
1-0: Ball
Wild Pitch!
John Robertson to second
2-0: SINGLE (Line Drive, 8LS)
John Robertson to third
Batting: RHB Donald Stanley 0-0: Called Strike
0-1: Ball
1-1: Ball
2-1: SINGLE (Line Drive, 89S)
John Robertson scores
Kurt Chappell to second
Runner from 2nd tries for 3rd, SAFE, throw made to third
Batting: RHB Ben Ross 0-0: Ball
1-0: Fly out, F3 (Popup, 34)
Top of the 7th over - 1 run(s), 2 hit(s), 0 error(s), 2 left on base; Northern Virginia 3 - Panama City 2
BOTTOM OF THE 7TH
Panama City Piranhas batting - Pitching for Northern Virginia Retrievers : RHP Juan Torres
Pitching: LHP Manuel Garza
Now at 2B: Vance Cannon
Now in LF: John Robertson
Batting: LHB Arturo Guzmán 0-0: Called Strike
0-1: Ball
1-1: Foul Ball, location: 2F
1-2: Ball
2-2: SINGLE (Flyball, 7LM)
Pitching: RHP Elio Maini
Pinch Hitting: RHB Pete Knight 0-0: Ball
1-0: Called Strike
1-1: Swinging Strike
1-2: Foul Ball, location: 2F
1-2: Ball
2-2: Grounds into double play, U4-3 (Groundball, 4)
Batting: SHB Marc Talamante 0-0: Called Strike
0-1: Ball
1-1: Ball
2-1: Foul Ball, location: 2F
2-2: SINGLE (Groundball, 25) (infield hit)
Pinch Hitting: LHB Francisco Sánchez 0-0: Ball
1-0: Called Strike
1-1: Ground out 4-3 (Groundball, 34)
Bottom of the 7th over - 0 run(s), 2 hit(s), 0 error(s), 1 left on base; Northern Virginia 3 - Panama City 2
TOP OF THE 8TH
Northern Virginia Retrievers batting - Pitching for Panama City Piranhas : LHP Albert Lucas
Now at SS: William Hull
Now in RF: Francisco Sánchez
Batting: RHB Christian O'Neal 0-0: Ball
1-0: Ball
2-0: Foul Ball, location: 2F
2-1: Foul Ball, location: 2F
2-2: Foul Ball, location: 2F
2-2: Strikes out looking
Pitching: RHP Rubén Ramírez
Batting: LHB Vance Cannon 0-0: Foul Ball, location: 2F
0-1: Called Strike
0-2: Foul Ball, location: 2F
0-2: Ball
1-2: Foul Ball, location: 2F
1-2: Ground out 3-1 (Groundball, 34S)
Batting: RHB Ed Anderson 0-0: Ball
1-0: Called Strike
1-1: Ball
2-1: Foul Ball, location: 2F
2-2: Foul Ball, location: 2F
2-2: Foul Ball, location: 2F
2-2: Foul Ball, location: 2F
2-2: Fly out, F8 (Flyball, 8RXD)
Top of the 8th over - 0 run(s), 0 hit(s), 0 error(s), 0 left on base; Northern Virginia 3 - Panama City 2
BOTTOM OF THE 8TH
Panama City Piranhas batting - Pitching for Northern Virginia Retrievers : RHP Elio Maini
Pitching: LHP Johnny Joyce
Batting: LHB Miguel Martínez 0-0: Called Strike
0-1: Fly out, F9 (Flyball, 89S)
Pitching: RHP Cam Herman
Batting: SHB Theodore Buck 0-0: Ball
1-0: Ball
2-0: Ground out 1-3 (Groundball, 23)
Batting: RHB Hal Romaine 0-0: Called Strike
0-1: Ball
1-1: Called Strike
1-2: Foul Ball, location: 2F
1-2: Ball
2-2: Strikes out swinging
Bottom of the 8th over - 0 run(s), 0 hit(s), 0 error(s), 0 left on base; Northern Virginia 3 - Panama City 2
TOP OF THE 9TH
Northern Virginia Retrievers batting - Pitching for Panama City Piranhas : RHP Rubén Ramírez
Batting: LHB Roberto Salazar 0-0: Ball
1-0: Ball
2-0: Ball
3-0: Called Strike
3-1: Base on Balls
Batting: RHB Carl Good 0-0: Ball
1-0: Fly out, F8 (Flyball, 8LS)
Pinch Hitting: LHB Ye Der 0-0: Called Strike
0-1: Ball
1-1: Ball
2-1: Called Strike
2-2: Strikes out swinging
Batting: RHB Kurt Chappell 0-0: Called Strike
0-1: Ball
1-1: SINGLE (Line Drive, 89M)
Roberto Salazar to second
Batting: LHB Cam Herman 0-0: Ball
1-0: Ball
2-0: Swinging Strike
2-1: Called Strike
2-2: Ball
3-2: Foul Ball, location: 2F
3-2: Base on Balls
Roberto Salazar to third
Kurt Chappell to second
Batting: RHB Ben Ross 0-0: Ball
1-0: Ball
2-0: Ball
3-0: Foul Ball, location: 2F
3-1: Base on Balls
Roberto Salazar scores
Kurt Chappell to third
Cam Herman to second
Batting: RHB Christian O'Neal 0-0: Ball
1-0: Called Strike
1-1: Foul Ball, location: 2F
1-2: Ball
2-2: Ball
3-2: Base on Balls
Kurt Chappell scores
Cam Herman to third
Ben Ross to second
Pitching: LHP Qing-nian Gong
Now in LF: Steve Grimes
Batting: LHB Vance Cannon 0-0: Ball
1-0: Swinging Strike
1-1: Called Strike
1-2: Strikes out swinging
Top of the 9th over - 2 run(s), 1 hit(s), 0 error(s), 3 left on base; Northern Virginia 5 - Panama City 2
BOTTOM OF THE 9TH
Panama City Piranhas batting - Pitching for Northern Virginia Retrievers : RHP Cam Herman
Now in LF: Ye Der
Batting: RHB Joel Lee 0-0: Foul Ball, location: 2F
0-1: Ground out 2-3 (Groundball, 25)
Batting: LHB Steve Grimes 0-0: Ball
1-0: Ball
2-0: Ball
3-0: Base on Balls
Batting: LHB Arturo Guzmán 0-0: Swinging Strike
0-1: Ball
1-1: Foul Ball, location: 2F
1-2: Foul Ball, location: 2F
1-2: Ball
2-2: Ball
3-2: Base on Balls
Steve Grimes to second
Batting: RHB William Hull 0-0: Swinging Strike
0-1: Called Strike
0-2: Ball
1-2: Ball
2-2: Foul Ball, location: 2F
2-2: Ball
3-2: Fly out, F7 (Flyball, 7LM)
Batting: SHB Marc Talamante 0-0: Ball
1-0: Ball
2-0: Ball
3-0: Called Strike
3-1: Base on Balls
Steve Grimes to third
Arturo Guzmán to second
Batting: LHB Francisco Sánchez 0-0: Ball
1-0: Ball
2-0: Ball
3-0: Called Strike
3-1: Base on Balls
Steve Grimes scores
Arturo Guzmán to third
Marc Talamante to second
Batting: LHB Miguel Martínez 0-0: Ball
1-0: Foul Ball, location: 2F
1-1: Ball
2-1: Fielders Choice at 2nd, 6-4 (Groundball, 6)
Bottom of the 9th over - 1 run(s), 0 hit(s), 0 error(s), 2 left on base; Northern Virginia 5 - Panama City 3
This league is powered by Out of the Park Baseball, the baseball management simulation game for PC, Mac and Linux
Saturday, July 25th, 2015 - OOTP Baseball 15.6 Build 34